 Dungeon Crawl Stone Soup version 0.21.0 (webtiles) character file.

193 MovingMist the Skirmisher (level 5, -2/34 HPs)
             Began as a Gargoyle Fighter on Jan 5, 2018.
             Killed by divine providence
             ... invoked by an orc priest
              (12 damage)
             ... on level 3 of the Dungeon.
             The game lasted 00:03:52 (1842 turns).

MovingMist the Skirmisher (Gargoyle Fighter)        Turns: 1842, Time: 00:03:52

Health: -2/34      AC: 14    Str: 20    XL:     5   Next: 72%
Magic:  14/14      EV:  6    Int:  8    God:
Gold:   113        SH:  9    Dex: 10    Spells: 4/4 levels left

rFire    . . .     SeeInvis .   a - +0 war axe
rCold    . . .     Gourm    .   c - +0 shield
rNeg     + + .     Faith    .   n - +0 chain mail
rPois    ∞         Spirit   .   (no helmet)
rElec    +         Reflect  .   (no cloak)
rCorr    .         Harm     .   m - +0 pair of gloves
MR       .....                  (no boots)
Stlth    ..........             (no amulet)
HPRegen  0.11/turn              o - ring of magical power
MPRegen  0.14/turn              q - ring of positive energy

@: no status effects
A: negative energy resistance 1, electricity resistance, unbreathing,
petrification resistance, rot immunity, AC +4
a: no special abilities


You were on level 3 of the Dungeon.
You were not hungry.

You visited 1 branch of the dungeon, and saw 3 of its levels.

You collected 113 gold pieces.

Inventory:

Hand Weapons
 a - a +0 war axe (weapon)
Armour
 c - a +0 shield (worn)
 m - a +0 pair of gloves (worn)
 n - a +0 chain mail (worn)
Jewellery
 o - a ring of magical power (left hand)
 q - a ring of positive energy (right hand)
Scrolls
 e - 3 scrolls of blinking {unknown}
 g - 4 scrolls of identify {unknown}
 h - a scroll of enchant armour {unknown}
 i - 2 scrolls of fog {unknown}
 l - a scroll of remove curse {unknown}
 p - a scroll of amnesia {unknown}
 r - a scroll of enchant weapon {unknown}
Potions
 d - a potion of might
 j - a potion of degeneration {unknown}
 k - 2 potions of haste {unknown}
Comestibles
 b - 16 chunks of flesh
 f - 2 rations


   Skills:
 + Level 4.4 Fighting
 + Level 2.9 Axes
 + Level 4.4 Armour
 + Level 1.9 Dodging
 - Level 3.2 Shields


You had 4 spell levels left.
You didn't know any spells.

Dungeon Overview and Level Annotations

Branches:
Dungeon (3/15)

Altars:
Ashenzari
Gozag
Nemelex Xobeh
Trog
Uskayaw
Zin


Innate Abilities, Weirdness & Mutations

You are resistant to torment.
Your stone body is resilient. (AC +4)
You are immune to poison.
You resist negative energy. (rN+)
You are resistant to electric shocks. (rElec)
You can survive without breathing.
You are immune to petrification.
You are immune to rotting.


Message History

You miss something.
You hear some strange, mumbled words.
A puff of flame appears from out of thin air!
The puff of flame hits you!
The orc priest invokes the aid of Beogh against you.
Reactivating autopickup.
You feel a bit more experienced.
You slash the orc!
You kill the orc!
You block the orc priest's attack.
Your chain mail prevents you from hitting the orc priest.
The orc priest hits you but does no damage.
You closely miss the orc priest.
The orc priest invokes the aid of Beogh against you.
Beogh smites you!
* * * LOW HITPOINT WARNING * * *
You closely miss the orc priest. You block the orc priest's attack.
The orc priest mumbles some strange prayers to Beogh against you.
Beogh smites you!
You die...

#.# .# ##.###?#
#...... #.....
######### #....
#.......# .o.
#.......# #o#
#.......# #@#
#####.......# #.#
............# #.#
####........####.#
#.............#
###############


You could see an orc priest and an orc.

Vanquished Creatures
  An orc priest (D:2)
  An orc wizard (D:2)
  6 adders
  An ooze (D:1)
  A dart slug (D:1)
  A worm (D:2)
  2 leopard geckos (D:1)
  6 orcs
  A ball python (D:1)
  4 bats
  2 giant cockroaches
  4 goblins
  5 hobgoblins
  A quokka (D:3)
  4 frilled lizards (D:1)
  6 kobolds
  6 rats
52 creatures vanquished.

Vanquished Creatures (others)
  An orc wizard (D:3)
1 creature vanquished.

Grand Total: 53 creatures vanquished

Notes
Turn   | Place    | Note
-------+----------+-------------------------------------------
     0 | D:1      | MovingMist the Gargoyle Fighter began the quest for the Orb.
     0 | D:1      | Reached XP level 1. HP: 14/14 MP: 1/1
   277 | D:1      | Reached XP level 2. HP: 16/19 MP: 2/2
   471 | D:1      | Reached XP level 3. HP: 24/24 MP: 3/3
   983 | D:2      | Reached skill level 1 in Dodging
  1082 | D:2      | Reached XP level 4. HP: 28/29 MP: 4/4
  1391 | D:2      | Found an opulent altar of Gozag.
  1444 | D:2      | Found a hide-covered altar of Uskayaw.
  1444 | D:2      | Found a sparkling altar of Nemelex Xobeh.
  1444 | D:2      | Found a bloodstained altar of Trog.
  1447 | D:2      | Found a shattered altar of Ashenzari.
  1449 | D:2      | Found a glowing silver altar of Zin.
  1655 | D:2      | Reached XP level 5. HP: 33/33 MP: 5/5
  1842 | D:3      | Killed from afar by an orc priest

Skill      XL: |  1  2  3  4 |
---------------+-------------+-----
Axes           | 2 |  2.9
Dodging        | 1 |  1.9
Fighting       | 4 |  4.4
Armour         | 4 |  4.4
Shields        | |  3.2

Action                   |  1- 3 |  4- 6 || total
-------------------------+-------+-------++-------
Melee: War axe           |   115 |   103 ||   218
  Eat: Chunk             |     1 |     3 ||     4
Armor: Scale mail        |    59 |    16 ||    75
       Chain mail        |       |    56 ||    56
Dodge: Dodged            |    35 |    41 ||    76
Block: Shield            |    65 |    55 ||   120
